 Dungeon Crawl Stone Soup version 0.21.1-1-g345015f (webtiles) character file.

217 Kairos the Chopper (level 5, -5/28 HPs)
             Began as a Vine Stalker Fighter on Apr 28, 2018.
             Slain by a gnoll
             ... wielding a +1 spear of distortion
              (15 damage)
             ... on level 2 of the Dungeon.
             The game lasted 00:03:18 (1789 turns).

Kairos the Chopper (Vine Stalker Fighter)           Turns: 1789, Time: 00:03:19

Health: -5/28      AC:  7    Str: 20    XL:     5   Next: 94%
Magic:  0/6        EV:  7    Int:  8    God:
Gold:   91         SH:  9    Dex: 13    Spells: 4/4 levels left

rFire    + . .     SeeInvis .   v - +0 flail (crush)
rCold    . . .     Gourm    .   c - +0 shield
rNeg     . . .     Faith    .   b - +0 scale mail
rPois    .         Spirit   +   (no helmet)
rElec    .         Reflect  .   (no cloak)
rCorr    .         Harm     .   s - +0 pair of gloves
MR       +....                  (no boots)
Stlth    ..........             (no amulet)
HPRegen  0.49/turn              u - ring of protection from fire
MPRegen  0.10/turn              o - ring of protection from magic

@: no status effects
A: fangs 2, regeneration 1, magic shield, antimagic bite, no potion heal 3, rot
immunity
a: no special abilities


You were on level 2 of the Dungeon.
You were very hungry.

You visited 1 branch of the dungeon, and saw 3 of its levels.

You collected 91 gold pieces.

Inventory:

Hand Weapons
 a - a +0 war axe
 v - a +0 flail of crushing (weapon)
Armour
 b - a +0 scale mail (worn)
 c - a +0 shield (worn)
 s - a +0 pair of gloves (worn)
Jewellery
 o - a ring of protection from magic (right hand)
 u - a ring of protection from fire (left hand)
Scrolls
 g - a scroll of fear
 h - 2 scrolls of identify
 i - a scroll of remove curse
 j - a scroll of magic mapping
 k - a scroll of teleportation {unknown}
 l - a scroll of amnesia {unknown}
 n - a scroll of enchant weapon {unknown}
Potions
 d - a potion of might
 e - 2 potions of degeneration {unknown}
 m - a potion of resistance {unknown}
 p - a potion of curing {unknown}
 q - a potion of agility {unknown}
 r - a potion of haste {unknown}
 t - a potion of lignification {unknown}
Comestibles
 f - 5 rations


   Skills:
 + Level 3.3 Fighting
 + Level 3.6 Axes
 + Level 3.1 Armour
 + Level 1.0 Dodging
 + Level 0.2 Stealth
 + Level 3.3 Shields


You had 4 spell levels left.
You didn't know any spells.

Dungeon Overview and Level Annotations

Branches:
Dungeon (3/15)

Altars:
Ashenzari
Gozag
Trog

Shops:
D:2 *

Annotations:
D:3 Grinder


Innate Abilities, Weirdness & Mutations

You have extremely sharp teeth.
Your natural rate of healing is unusually fast.
When hurt, damage is shared between your health and your magic reserves.
Your bite disrupts and absorbs the magic of your enemies.
Potions cannot restore your health.
You are immune to rotting.


Message History

There is a stone staircase leading down here.
You start resting.
Magic restored.
You start resting.
HP restored.
You climb downwards.
Level annotation: Grinder You block the gnoll's attack. x2
There is a stone staircase leading up, spattered with blood here.
The gnoll hits you but does no damage. Space warps horribly around you!
Ouch! That really hurt!
The gnoll closely misses you. The gnoll barely misses you.
You climb upwards.
There is a stone staircase leading down here.
Your shield and scale mail prevent you from hitting the gnoll.
You block the gnoll's attack. The gnoll hits you.
The gnoll hits you with a spear of distortion.
Space warps horribly around you!
Ouch! That really hurt!
You die...

#.#
#.#.#.##......#.#....(
#.#
#...#.#######.#.#....#
#####.####..#.#
#.#.#.####
#......###..#.# #.#.#.#
#.........#.#.# #.#.#.#
#......##.#...#
#.#.#.####
####.......#.#...#
#.#.#....#
.............#.gg#
#.#.#....#
######.###)###.#@#
#.#.#....#
...........(...###
#.........
##.#.#.###(#####
###.#.#### ##.#.#.#
#....############.#.....
##[#.#.#
####.##...........######
##.#.#.#
#.##........####
...#.#.#
#.##........#########
####.#.#
#.##.................
.....#.#
#................###.


You could see 2 gnolls.

Vanquished Creatures
  2 bullfrogs
  2 adders (D:2)
  A gnoll (D:2)
  A worm (D:2)
  A dart slug (D:1)
  3 leopard geckos
  2 giant cockroaches (D:1)
  6 goblins
  6 hobgoblins
  5 jackals
  A quokka (D:2)
  A ball python (D:1)
  5 bats
  A frilled lizard (D:2)
  6 kobolds
  10 rats
53 creatures vanquished.

Notes
Turn   | Place    | Note
-------+----------+-------------------------------------------
     0 | D:1      | Kairos the Vine Stalker Fighter began the quest for the Orb.
     0 | D:1      | Reached XP level 1. HP: 11/11 MP: 2/2
    64 | D:1      | Reached XP level 2. HP: 16/16 MP: 3/3
   224 | D:1      | Reached XP level 3. HP: 15/19 MP: 4/4
   798 | D:2      | Gained mutation: Your natural rate of healing is unusually fast. [Vine Stalker growth]
   798 | D:2      | Reached XP level 4. HP: 17/24 MP: 2/5
   812 | D:2      | Noticed a bullfrog
   820 | D:2      | Killed a bullfrog
   820 | D:2      | Reached XP level 5. HP: 10/28 MP: 3/6
  1083 | D:2      | Found Gozag's Platinum Reserve.
  1105 | D:2      | Found an opulent altar of Gozag.
  1185 | D:2      | Found a bloodstained altar of Trog.
  1272 | D:2      | Found a shattered altar of Ashenzari.
  1663 | D:3      | Noticed Grinder
  1751 | D:2      | Reached skill level 1 in Dodging
  1789 | D:2      | Slain by a gnoll

Skill      XL: |  1  2  3  4  5 |
---------------+----------------+-----
Shields        | 3 |  3.3
Axes           | 2 3 |  3.6
Fighting       | 3 |  3.3
Armour         | 3 |  3.1
Dodging        | 1 |  1.0
Stealth        | |  0.2

Action                   |  1- 3 |  4- 6 || total
-------------------------+-------+-------++-------
Melee: War axe           |   103 |    51 ||   154
       Bite              |    24 |    13 ||    37
       Flail             |       |     1 ||     1
  Use: Scroll            |     4 |       ||     4
  Eat: Chunk             |       |     2 ||     2
Armor: Scale mail        |    49 |    26 ||    75
Dodge: Dodged            |    30 |    23 ||    53
Block: Shield            |    55 |    27 ||    82
